 Dungeon Crawl Stone Soup version 0.29.1-1-gd02db6906a (webtiles) character file.

Game seed: 12543100419210559470

124 Acheron the Grave Robber (level 4, -1/32 HPs)
             Began as a Vampire Necromancer on Sept 28, 2022.
             Slain by a phantom (7 damage)
             ... on level 6 of the Dungeon.
             The game lasted 00:16:01 (2344 turns).

Acheron the Grave Robber (Vampire Necromancer)      Turns: 2344, Time: 00:16:01

Health: -1/32      AC:  3    Str:  7    XL:     4   Next: 81%
Magic:  8/8        EV: 12    Int: 19    God:
Gold:   41         SH:  0    Dex: 14    Spells: 7/8 levels left

rFire   . . .      SeeInvis +   c - +0 dagger
rCold   . . .      Faith    .   (no shield)
rNeg    . . .      Spirit   .   a - +1 robe
rPois   .          Reflect  .   (no helmet)
rElec   .          Harm     .   (no cloak)
rCorr   .          Rampage  .   (no gloves)
Will    .....                   (no boots)
Stlth   +++.......              d - amulet of magic regeneration
HPRegen 0.30/turn               (no ring)
MPRegen 0.51/turn               (no ring)

@: healing quickly
A: alive, fangs 3, see invisible, vampiric 2
a: Exsanguinate


You were on level 6 of the Dungeon.
You visited 1 branch of the dungeon, and saw 6 of its levels.

You collected 161 gold pieces.
You spent 120 gold pieces at shops.

Inventory:

Hand Weapons
 c - a +0 dagger (weapon)
 e - a +0 hand axe
Armour
 a - a +1 robe (worn)
Jewellery
 d - an amulet of magic regeneration (around neck)
Scrolls
 i - 4 scrolls of identify
 k - a scroll of magic mapping {unknown}
 l - a scroll of poison {unknown}
 n - a scroll of blinking {unknown}
Potions
 b - a potion of magic
 f - a potion of lignification
 j - a potion of haste
 m - a potion of curing
 o - a potion of cancellation


   Skills:
 * Level 1.1 Fighting
 * Level 0.6 Short Blades
 * Level 2.8 Dodging
 * Level 4.0 Stealth
 * Level 2.9 Spellcasting
 * Level 5.2 Necromancy


You had 7 spell levels left.
You knew the following spells:

 Your Spells              Type           Power      Damage    Failure   Level
a - Necrotise             Necr           88%        1d8       1%          1

Your spell library contained the following spells:

 Spells                   Type           Power      Damage    Failure   Level
 Vampiric Draining        Necr           22%        2d7       5%          3
 Animate Dead             Necr           22%        N/A       17%         4
 Agony                    Necr           22%        N/A       43%         5
 Anguish                  Hex/Necr       6%         N/A       45%         4
 Enfeeble                 Hex            1%         N/A       100%        7


Dungeon Overview and Level Annotations

Branches:
Dungeon (6/15)
 Temple: D:4-7

Altars:

Shops:
D:3 ?

Annotations:
D:3 exclusion: 2 downstairs, Ijyb
D:4 Eustachio
D:5 Sigmund
D:6 Maggie


Innate Abilities, Weirdness & Mutations

Your natural rate of healing is accelerated.
You have razor-sharp teeth.
You have supernaturally acute eyesight. (SInv)
You are afflicted with vampirism and can become a bat while bloodless.


Message History

The quokka bites your quokka skeleton. The quokka bites your quokka skeleton.
Your quokka skeleton is destroyed!
The ufetubus attacks as you move away! The ufetubus barely misses you.
The ufetubus hits you. x2; The ufetubus barely misses you.
There is a stone staircase leading down here.
The phantom hits you. The ufetubus hits you. The ufetubus misses you.
You climb downwards.
Found a notched sapphire ring.
There is a stone staircase leading up here.
You hit the ufetubus.
The ufetubus is moderately wounded.
The ufetubus hits you. x2; The phantom closely misses you.
The ufetubus barely misses you. The ufetubus hits you.
You hit the ufetubus but do no damage.
The ufetubus is moderately wounded.
The phantom hits you.
The phantom blinks!
You blink.
As you read the scroll of teleportation, it crumbles to dust.
You feel strangely unstable. The phantom barely misses you.
As you open the door, it creaks loudly!
Maggie the Vainglorious comes into view.
She is wielding a +3 long sword of holy wrath and carrying a wand of roots (9).
Maggie shouts!
The phantom hits you.
Found a falchion.
Found a stone staircase leading down.
You close the door.
The phantom hits you.
You hit the phantom but do no damage. The phantom barely misses you.
You closely miss the phantom. The phantom hits you.
* * * LOW HITPOINT WARNING * * *
You barely miss the phantom.
Your surroundings seem slightly different.
Maggie opens the door.
The ufetubus hits you but does no damage.
The ufetubus misses you. The phantom attacks as you move away!
The phantom misses you. The ufetubus barely misses you. The ufetubus hits you.
* * * LOW HITPOINT WARNING * * *
As you read the scroll of fear, it crumbles to dust.
You assume a fearsome visage.
Maggie looks frightened!
The phantom is unaffected.
The ufetubus looks frightened!
The phantom hits you!
You die...

..# #.# #=# #+
#.# ... #.#
.... #<# ...).
##.##
......####...##
.....@'...5@..#
...@..###.W..##
..... #.#.##
...> #.### ...
#. #. #. # #.
#. ..


You could see Maggie (fleeing), a phantom and an ufetubus (fleeing).

Vanquished Creatures
  An iguana (D:4)
  3 adders
  An ufetubus (D:4)
  A worm (D:2)
  An orc (D:4)
  5 bats
  3 endoplasms (D:3)
  3 giant cockroaches
  4 goblins
  3 hobgoblins
  6 jackals
  2 quokkas
  2 ball pythons
  2 frilled lizards
  5 kobolds
  4 rats
46 creatures vanquished.

Vanquished Creatures (collateral kills)
  An adder (D:4)
  A hobgoblin (D:2)
  2 jackals (D:2)
  A bat (D:1)
5 creatures vanquished.

Grand Total: 51 creatures vanquished

Notes
Turn   | Place    | Note
-------+----------+-------------------------------------------
     0 | D:1      | Acheron the Vampire Necromancer began the quest for the
                  | Orb.
     0 | D:1      | Reached XP level 1. HP: 13/13 MP: 3/3
   114 | D:1      | You fall into a shaft and drop 1 floor!
   231 | D:2      | Reached XP level 2. HP: 20/20 MP: 0/5
   539 | D:2      | Gained mutation: You are afflicted with vampirism and can
                  | become a bat while bloodless. [Vampire growth]
   539 | D:2      | Reached XP level 3. HP: 25/25 MP: 4/6
  1056 | D:3      | Reached skill level 1 in Fighting
  1135 | D:3      | Found Lideocri's Magic Scroll Boutique.
  1138 | D:3      | Bought a scroll of fear for 40 gold pieces
  1138 | D:3      | Bought a scroll of identify for 20 gold pieces
  1138 | D:3      | Bought a scroll of identify for 20 gold pieces
  1138 | D:3      | Bought a scroll of identify for 20 gold pieces
  1138 | D:3      | Bought a scroll of identify for 20 gold pieces
  1311 | D:3      | Reached skill level 5 in Necromancy
  1571 | D:3      | Noticed Ijyb
  1668 | D:4      | Reached XP level 4. HP: 32/32 MP: 5/7
  1816 | D:4      | Noticed Eustachio
  2068 | D:5      | Entered Level 5 of the Dungeon
  2320 | D:5      | Noticed Sigmund
  2320 | D:5      | Noticed a phantom
  2338 | D:6      | Noticed Maggie
  2344 | D:6      | Slain by a phantom

Illustrated notes

Levels and vault maps discovered:
D:1:      dpeg_arrival_fog, layout_basic, chequers_ecumenical_altar_island,
          ebering_dispersal_statue_hall, grunt_decor_one_mirror
D:2:      layout_loops_cross, minmay_cupped
D:3:      layout_basic, serial_shops, nicolae_shop_behind_doors,
          minmay_strange_pillars, uniq_ijyb
D:4:      layout_basic, portal_sewer_entry_d, serial_rivers,
          chequers_serial_rivers_small_a, chequers_serial_rivers_micro_c,
          chequers_serial_rivers_room_a, chequers_serial_rivers_room_b,
          chequers_serial_rivers_micro_d, chequers_serial_rivers_room_a,
          hangedman_decor_growths, uniq_eustachio
D:5:      layout_rooms, dk_noncrumbling_3, sigmund_army, uniq_blork_the_orc,
          uniq_sigmund, uniq_pikel, uniq_edmund
D:6:      layout_loops_corners, grunt_temple_overflow_gold_and_silver,
          minmay_temple_entry_statues_fountains, uniq_duvessa, uniq_maggie,
          uniq_crazy_yiuf_cottage

Skill      XL: |  1  2  3  4 |
---------------+-------------+-----
Fighting       | 1 |  1.1
Necromancy     | 5 |  5.2
Stealth        | 4 |  4.0
Short Blades   | |  0.6
Dodging        | |  2.8
Spellcasting   | |  2.9

Action                   |  1- 3 |  4- 6 || total
-------------------------+-------+-------++-------
Melee: Dagger            |    55 |    17 ||    72
       Bite              |     7 |     1 ||     8
 Cast: Necrotise         |    60 |    13 ||    73
  Use: Scroll            |     7 |     4 ||    11
 Stab: Sleeping          |     4 |     1 ||     5
Armor: Robe              |    17 |     2 ||    19
Dodge: Dodged            |    47 |    24 ||    71
